 Dungeon Crawl Stone Soup version 0.26-a0-682-g294304f6e8 (console) character file.

Game seed: 17883763923735657809

147 om the Insei (level 5, 0/41 HPs)
             Began as a Draconian Transmuter on Oct 20, 2020.
             Slain by a river rat (2 damage)
             ... in a sewer.
             The game lasted 00:02:43 (2928 turns).

om the Insei (Draconian Transmuter)                 Turns: 2928, Time: 00:02:43

Health: 0/41       AC:  2    Str: 12    XL:     5   Next: 8%
Magic:  5/8        EV: 20    Int: 14    God:
Gold:   43         SH:  0    Dex: 17    Spells: 5/9 levels left

rFire    . . .     SeeInvis .     - Unarmed
rCold    . . .     Faith    .   (shield currently unavailable)
rNeg     . . .     Spirit   .   (armour unavailable)
rPois    x         Reflect  .   (helmet currently unavailable)
rElec    .         Harm     .   (cloak currently unavailable)
rCorr    .         Rampage  .   (gloves currently unavailable)
MR       .....                  (boots currently unavailable)
Stlth    +.........             (no amulet)
HPRegen  0.13/turn              (no ring)
MPRegen  0.11/turn              (no ring)

@: spider-form (expiring), very slow
A: tiny, unfitting armour, AC +5
a: End Transformation


You were in a sewer.
You were a venomous arachnid creature.
You visited 1 branch of the dungeon, and saw 3 of its levels.
You also visited: Sewer.

You collected 43 gold pieces.

Inventory:

Hand Weapons
 c - a +0 dagger
 g - a +0 whip (melded)
Scrolls
 a - a scroll of magic mapping {unknown}
 b - 7 scrolls of identify {unknown}
 d - 2 scrolls of enchant weapon {unknown}
 f - 2 scrolls of teleportation {unknown}
 h - a scroll of fog {unknown}
 j - a scroll of noise {unknown}
 l - a scroll of enchant armour {unknown}
Potions
 e - 5 potions of curing {unknown}
 i - a potion of haste {unknown}
 k - a potion of mutation {unknown}
 m - a potion of stabbing {unknown}
 n - a potion of brilliance {unknown}


   Skills:
 + Level 2.2 Fighting
 + Level 2.3 Dodging
 - Level 4.0 Unarmed Combat
 + Level 2.5 Spellcasting
 * Level 3.2 Transmutations


You had 5 spell levels left.
You knew the following spells:

 Your Spells              Type           Power        Failure   Level
a - Beastly Appendage     Tmut           ##....       17%         1
b - Spider Form           Tmut/Pois      #.........   56%         3

Your spell library contained the following spells:

 Spells                   Type           Power        Failure   Level
 Wereblood                Tmut           ##......     22%         2
 Ice Form                 Ice/Tmut       #.......     89%         4
 Blade Hands              Tmut           ##........   95%         5


Dungeon Overview and Level Annotations

Branches:
Dungeon (4/15)              Sewer (1/1)
 Temple: D:4-7

Altars:


Innate Abilities, Weirdness & Mutations

((Your plain brown scales are hard. (AC +5)))
You cannot fit into any form of body armour.
((You are cold-blooded and may be slowed by cold attacks.))


Message History

The river rat bites you.
* * * LOW HITPOINT WARNING * * *
The river rat bites you.
* * * LOW HITPOINT WARNING * * *
Casting: Beastly Appendage (safe; 6% risk of failure)
Confirm with . or Enter, or press ? or * to list all spells.
The spell is quite dangerous to cast (34% risk of failure)!
Continue anyway?
You turn into a venomous arachnid creature.
Your +0 whip melds into your body.
The river rat barely misses you.
You hit the river rat.
The river rat is poisoned.
The river rat is heavily wounded.
The river rat misses you. The river rat completely misses you. x2
The river rat bites you.
* * * LOW HITPOINT WARNING * * *
Your unstable footing causes you to fumble your attack.
Your transformation is almost over.
You kill the river rat!
The river rat bites you.
You die...

#≈≈≈≈≈≈#
#≈≈≈≈≈≈#
#≈≈≈≈≈≈#
#≈≈≈≈.≈#
#≈≈≈#≈≈#
#≈.≈≈≈≈#
#≈≈r#≈≈#
#≈≈≈r≈≈#
#≈≈≈r≈≈#
#≈≈≈r≈≈#
#≈≈≈s≈≈#
#≈≈≈≈≈≈#
#≈≈≈≈≈≈#
##..≈..#
#......#
#..∩∩..#
#......#
##....##
######


You could see a river rat and 3 rats.

Vanquished Creatures
  2 hounds
  Natasha (D:2)
  A river rat (Sewer)
  An adder (D:4)
  A dart slug (D:1)
  A ball python (D:2)
  3 bats
  A giant cockroach (D:1)
  4 goblins
  6 hobgoblins
  3 jackals (D:1)
  2 frilled lizards
  8 kobolds
  7 rats
41 creatures vanquished.

Notes
Turn   | Place    | Note
-------+----------+-------------------------------------------
     0 | D:1      | om the Draconian Transmuter began the quest for the Orb.
     0 | D:1      | Reached XP level 1. HP: 16/16 MP: 3/3
   229 | D:1      | Reached XP level 2. HP: 19/23 MP: 3/5
  1216 | D:1      | Reached XP level 3. HP: 22/28 MP: 4/6
  1221 | D:1      | Learned a level 3 spell: Spider Form
  1825 | D:2      | Noticed Natasha
  1839 | D:2      | Killed Natasha
  1839 | D:2      | Reached XP level 4. HP: 5/36 MP: 7/7
  2420 | D:2      | You fall into a shaft and drop 2 floors!
  2623 | D:4      | Reached skill level 4 in Unarmed Combat
  2677 | D:4      | Found a glowing drain.
  2685 | D:4      | Reached XP level 5. HP: 41/41 MP: 8/8
  2688 | Sewer    | Entered a sewer
  2927 | Sewer    | HP: 2/41 [river rat (4)]
  2928 | Sewer    | Slain by a river rat

Illustrated notes

Levels and vault maps discovered:
D:1:      scummos_arrival_simple_fountains, layout_loops_ring
D:2:      layout_basic, uniq_natasha
D:4:      lemuel_upstairs_altar, layout_basic, portal_sewer_entry_a
Sewer:    sewer_minmay_w

Skill      XL: |  1  2  3  4 |
---------------+-------------+-----
Dodging        | 2 |  2.3
Transmutations | 3 |  3.2
Fighting       | 2 |  2.2
Unarmed Combat | 4 |  4.0
Spellcasting   | |  2.5

Action                   |  1- 3 |  4- 6 || total
-------------------------+-------+-------++-------
Melee: Dagger            |    61 |       ||    61
       Unarmed           |     5 |     2 ||     7
       Headbutt          |    10 |     3 ||    13
       Kick              |    15 |     5 ||    20
       Tailslap          |     5 |       ||     5
       Whip              |    46 |    34 ||    80
       Punch             |     2 |     1 ||     3
 Cast: Beastly Appendage |    20 |     7 ||    27
       Spider Form       |       |     1 ||     1
Armor: Skin              |    34 |    22 ||    56
Dodge: Dodged            |    56 |    52 ||   108

Table legend: (Time is in decaauts)
 A = Elapsed time spent in this place.
 B = Non-inter-level travel time spent in this place.
 C = Inter-level travel time spent in this place.
 D = Time resting spent in this place.
 E = Time spent auto-exploring this place.
 F = Levels seen in this place.
 G = Mean time per level.
                   A        B        C        D        E       F      G
               +--------+--------+--------+--------+--------+-----+--------+
         Total |   2947 |   2934 |     13 |   1332 |   1229 |   4 |  736.8 |
       Dungeon |   2694 |   2681 |     13 |   1132 |   1211 |   3 |  898.0 |
         Sewer |    252 |    252 |      0 |    200 |     18 |   1 |  252.0 |
               +--------+--------+--------+--------+--------+-----+--------+

Top non-repeatable levels by time:
     D:1: 1434 daAuts
     D:2: 990 daAuts
     D:4: 269 daAuts
   Sewer: 252 daAuts
